Map: King's Cove LE

Players

Woah

  • Race: Terran Terran
  • League: Diamond
  • Spawn Location: 11:00

torades - Winner!

  • Race: Zerg Zerg
  • League: Diamond
  • Spawn Location: 5:00

VOD

Have the link to the VOD?

Description

Time

  • Played on: June 14, 2019, 10:32 p.m.
  • Length: 12:11
Show
View Real Time Build Order
Export as new Build Order

Woah Terran 

Build Orders:  

Get SALT Encoding   

  12  0:00  SCV  
  13  0:12  SCV  
  14  0:18  Supply Depot  
  14  0:26  SCV  
  15  0:46  Barracks  
  15  0:54  SCV  
  16  1:03  Refinery  
  16  1:04  Barracks  
  16  1:06  SCV  
  17  1:18  SCV  
  18  1:33  Marine  
  19  1:44  Bunker  
  19  1:50  Orbital Command, Marine  
  19  1:53  Marine  
  21  1:56  Supply Depot  
  21  2:08  Marine  
  21  2:11  Marine  
  23  2:25  SCV  
  23  2:26  Marine  
  23  2:27  Factory  
  24  3:30  Starport  
  24  3:31  SCV  
  24  3:33  Refinery  
  25  3:35  Factory Reactor  
  25  3:36  Command Center  
  25  3:46  Supply Depot  
  25  3:55  Supply Depot  
  24  3:59  SCV  
  25  4:09  Viking  
  27  4:11  Barracks Tech Lab  
  27  4:14  Hellion  
  29  4:17  Hellion  
  29  4:20  Barracks Reactor  
  31  4:30  Stimpack  
  31  4:36  Hellion  
  31  4:38  SCV  
  36  4:57  Engineering Bay  
  36  5:03  SCV  
  36  5:04  Armory  
  35  5:15  Medivac  
  35  5:17  Factory Tech Lab  
  36  5:28  Marine x2  
  27  5:40  Bunker x2  
  27  5:41  Siege Tank  
  24  6:03  Marine  
  24  6:04  Marine  
  23  6:10  Marine  
  17  6:30  SCV  
  11  6:58  Orbital Command  
  11  7:39  Orbital Command  
  10  8:49  SCV  
  11  9:01  SCV  
  13  9:05  Starport Tech Lab  
  12  9:12  SCV  
  13  9:39  Refinery  
  13  9:43  SCV  
  14  10:11  Starport Tech Lab  
  14  10:13  SCV  
  16  10:16  SCV  
  16  10:23  Marine x2  
  16  10:25  SCV  
  19  10:28  SCV, Cloaking Field  
  19  10:35  Refinery  
  16  10:51  Orbital Command  
  17  11:14  Banshee  
Show
View Real Time Build Order
Export as new Build Order

torades Zerg - Winner!

Build Orders: Hatch First 

Get SALT Encoding   

  12  0:02  Drone  
  13  0:32  Hatchery  
  12  0:35  Drone  
  13  0:53  Drone  
  14  0:58  Extractor  
  14  1:02  Spawning Pool  
  12  1:07  Drone  
  12  1:09  Drone  
  14  1:20  Overlord  
  14  1:26  Extractor  
  14  1:27  Drone  
  15  1:49  Queen  
  15  1:53  Queen  
  19  2:00  Drone  
  20  2:03  Drone  
  21  2:17  Roach Warren  
  20  2:28  Spine Crawler  
  19  3:25  Roach  
  19  3:27  Overlord  
  21  3:28  Overlord  
  21  3:54  Roach  
  21  3:55  Roach x2  
  27  3:58  Ravager  
  28  4:08  Roach x3  
  34  4:14  Roach  
  34  4:16  Ravager  
  38  4:17  Ravager  
  38  4:25  Overlord  
  38  4:45  Overlord  
  38  4:46  Overlord  
  38  5:00  Overlord  
  38  5:06  Roach  
  38  5:07  Roach  
  42  5:13  Roach x2  
  40  5:37  Roach x3  
  46  5:54  Roach x3  
  52  6:03  Roach  
  54  6:10  Roach  
  54  6:29  Roach  
  52  6:42  Roach  
  54  6:47  Hatchery  
  53  6:57  Ravager  
  54  7:14  Lair  
  54  7:18  Extractor  
  47  8:04  Drone x8  
  47  8:05  Drone x3  
  49  8:33  Drone x3  
  46  8:55  Drone  
  46  8:56  Drone  
  46  8:57  Drone x3  
  51  9:05  Queen  
  53  9:17  Drone  
  53  9:18  Drone  
  53  9:20  Drone  
  56  9:45  Drone  
  56  9:46  Drone x2  
  56  9:47  Drone  
  60  10:09  Spire  
  60  10:13  Drone  
  60  10:39  Queen  
  60  10:54  Overlord  
  60  10:55  Overlord x2  
  60  10:56  Overlord  
  60  11:02  Overlord  
  60  11:06  Overlord  
  60  11:23  Mutalisk x3  
  60  11:24  Mutalisk  
  68  11:31  Mutalisk  
Tags
 
Matchup
TvZ
Replay Pack
r1
Spawn Locations
Cross Positions
Add a new tag
Caveats
  • Supply blocks, unpowered buildings, or Contaminate may cause inaccurate times.
  • Supply counts are checked every 10 seconds.